 Dungeon Crawl Stone Soup version 0.21.0-3-g78d12a8 (webtiles) character file.

17 Dfrag the Firebug (level 2, 15/19 HPs)
             Began as a Demonspawn Fire Elementalist on Jan 11, 2018.
             Quit the game on level 2 of the Dungeon.
             The game lasted 00:01:22 (623 turns).

Dfrag the Firebug (Demonspawn Fire Elementalist)     Turns: 623, Time: 00:01:22

Health: 15/19      AC:  4    Str:  8    XL:     2   Next: 44%
Magic:  0/5        EV: 12    Int: 16    God:
Gold:   46         SH:  0    Dex: 13    Spells: 4/5 levels left

rFire    . . .     SeeInvis .   p - +0 hunting sling (curse)
rCold    . . .     Gourm    .   (no shield)
rNeg     . . .     Faith    .   a - +0 robe
rPois    .         Spirit   .   (no helmet)
rElec    .         Reflect  .   (no cloak)
rCorr    +         Harm     .   (no gloves)
MR       .....                  (no boots)
Stlth    ++........             (no amulet)
HPRegen  0.06/turn              g - ring of resist corrosion
MPRegen  0.09/turn              (no ring)

@: very slightly contaminated
A: slimy green scales 1
a: no special abilities


You were on level 2 of the Dungeon.
You were not hungry.

You visited 1 branch of the dungeon, and saw 2 of its levels.

You collected 46 gold pieces.

Inventory:

Hand Weapons
 p - a cursed +0 hunting sling (weapon)
Missiles
 m - 105 stones (quivered)
Armour
 a - a +0 robe (worn)
Jewellery
 g - a ring of resist corrosion (left hand)
 r - a +2 ring of evasion {unknown}
Scrolls
 e - 2 scrolls of remove curse {unknown}
 f - a scroll of enchant weapon {unknown}
 i - 4 scrolls of enchant armour {unknown}
 j - a scroll of identify {unknown}
 k - a scroll of teleportation {unknown}
 o - a scroll of noise {unknown}
Potions
 d - a potion of haste {unknown}
 h - 2 potions of brilliance {unknown}
 l - a potion of invisibility {unknown}
 n - a potion of heal wounds {unknown}
 q - a potion of magic {unknown}
Books
 b - a book of Flames

   Spells                             Type                      Level
   a - Flame Tongue                   Conjuration/Fire             1
   b - Throw Flame                    Conjuration/Fire             2
   c - Conjure Flame                  Conjuration/Fire             3
   d - Inner Flame                    Hexes/Fire                   3
   e - Sticky Flame                   Conjuration/Fire             4
   f - Fireball                       Conjuration/Fire             5
Comestibles
 c - 2 rations


   Skills:
 - Level 1.7 Dodging
 - Level 1.7 Stealth
 + Level 2.3 Spellcasting
 + Level 1.5 Conjurations
 + Level 3.0 Fire Magic


You had 4 spell levels left.
You knew the following spells:

 Your Spells              Type           Power        Failure   Level  Hunger
a - Flame Tongue          Conj/Fire      #....        8%          1    #......


Dungeon Overview and Level Annotations

Branches:
Dungeon (2/15)

Altars:


Innate Abilities, Weirdness & Mutations

You are partially covered in slimy green scales. (AC +2)


Message History

Unknown command.
Really attack while wielding your cursed +0 hunting sling? [Y]es or [N]o only, please.
Really attack while wielding your cursed +0 hunting sling? [Y]es or [N]o only, please.
Really attack while wielding your cursed +0 hunting sling? [Y]es or [N]o only, please.
Really attack while wielding your cursed +0 hunting sling? [Y]es or [N]o only, please.
Really attack while wielding your cursed +0 hunting sling? [Y]es or [N]o only, please.
Really attack while wielding your cursed +0 hunting sling?
Okay, then.
Really attack while wielding your cursed +0 hunting sling? [Y]es or [N]o only, please.
Really attack while wielding your cursed +0 hunting sling? [Y]es or [N]o only, please.
Really attack while wielding your cursed +0 hunting sling?
Okay, then.
Are you sure you want to abandon this character and quit the game? (Confirm with "yes".)

#... ... .... ....
....< ..... ......
..... ......
#...#####......
#..............
#......@s......
#......).......
.##.......###...
..........# ...
..........###..
.............#####
........>.........
........(.(.......#
..................#


You could see a giant cockroach.

Vanquished Creatures
  2 dart slugs (D:1)
  3 bats (D:1)
  2 hobgoblins
  A ball python (D:1)
  5 kobolds (D:1)
  2 rats (D:1)
15 creatures vanquished.

Notes
Turn   | Place    | Note
-------+----------+-------------------------------------------
     0 | D:1      | Dfrag the Demonspawn Fire Elementalist began the quest for the Orb.
     0 | D:1      | Reached XP level 1. HP: 13/13 MP: 3/3
   265 | D:1      | Gained mutation: You are partially covered in slimy green scales. (AC +2) [demonic ancestry]
   265 | D:1      | Reached XP level 2. HP: 14/19 MP: 0/5
   349 | D:1      | Reached skill level 3 in Fire Magic
   623 | D:2      | Quit the game

Skill      XL: |  1  2 |
---------------+-------+-----
Fire Magic     | 3 |  3.0
Dodging        | |  1.7
Stealth        | |  1.7
Spellcasting   | |  2.3
Conjurations   | |  1.5

Action                   || total
-------------------------++-------
Melee: Unarmed           ||    11
 Fire: Hunting sling     ||     5
 Cast: Flame Tongue      ||    24
Armor: Robe              ||    12
Dodge: Dodged            ||    20
